 Dungeon Crawl Stone Soup version 0.32-a0-675-gdc239d62e1 (webtiles) character file.

Game seed: 8536819608310864008

8 jasper the Chopper (level 2, 24/24 HPs)
             Began as a Coglin Berserker on Mar 11, 2024.
             Was a Follower of Trog.
             Quit the game on level 1 of the Dungeon.
             The game lasted 00:01:26 (290 turns).

jasper the Chopper (Coglin Berserker)                Turns: 290, Time: 00:01:27

Health: 24/24      AC:  5    Str: 17    XL:     2   Next: 8%
Magic:  2/2        EV: 11    Int:  6    God:    Trog [*.....]
Gold:   37         SH:  0    Dex: 13    Spells: 1/1 levels left

rFire   . . .        a - +0 hand axe {Santos}
rCold   . . .        c - +0 dagger {Charoen}
rNeg    . . .        d - +0 ring mail
rPois   .            (no helmet)
rElec   .            (no cloak)
rCorr   .            (no gloves)
SInv    .            (no boots)
Will    .....        (amulet unavailable)
Stlth   +            (ring unavailable)
HPRegen 0.24/turn    (ring unavailable)
MPRegen 0.08/turn    (no gizmo)

%: no passive effects
@: no status effects
A: off-hand wielding, slow wielding, warmup strikes, no jewellery
a: Invent Gizmo, Renounce Religion, Berserk


You were on level 1 of the Dungeon.
You worshipped Trog.
Trog was aware of your devotion.
You visited 1 branch of the dungeon, and saw 1 of its levels.

You collected 37 gold pieces.

Inventory:

Hand Weapons
 a - a +0 hand axe (weapon) {Santos}
 c - a +0 dagger (offhand) {Charoen}
Armour
 b - a +0 animal skin
 d - a +0 ring mail (worn)
Scrolls
 g - a scroll of identify {unknown}
 h - a scroll of brand weapon {unknown}
Potions
 e - a potion of invisibility {unknown}
 f - a potion of resistance {unknown}


   Skills:
 + Level 3.1 Fighting
 * Level 3.2 Axes
 + Level 1.9 Armour
 + Level 1.9 Dodging


You had one spell level left.
You didn't know any spells.
Your spell library was empty.

Dungeon Overview and Level Annotations

Branches:
Dungeon (1/15)

Altars:


Innate Abilities, Weirdness & Mutations

You can wield a second weapon in your off-hand.
It takes a long time for you to wield or remove held weapons.
Your first few attacks do less damage.
You cannot equip rings or amulets.


Message History

You hit the rat with your +0 dagger.
You kill the rat!
Trog accepts your kill.
You see here a rat corpse.
You're limbering up.
Your movement speed is average.
Your attack delay is about 1.0.
Your damage rating with your +0 hand axe {Santos} is about 9 (Base 7 x 117% (Str) x 111% (Skill)).
Your damage rating with your +0 dagger {Charoen} is about 4 (Base 4 x 107% (Dex) x 105% (Skill)).
Unknown command.
You open the door.
A goblin comes into view. It is wielding a +0 dagger.
The goblin shouts!
A goblin is nearby!
A rat comes into view.
There is an open door here.
You barely miss the goblin with your +0 hand axe.
You miss the goblin with your +0 dagger.
The goblin hits you but does no damage.
You hit the goblin with your +0 hand axe.
You kill the goblin!
Trog accepts your kill.
You have reached level 2!
Health restored: 24; MP restored: 2 The rat barely misses you.
You hit the rat with your +0 dagger.
The rat is moderately wounded.
You hit the rat with your +0 hand axe.
You kill the rat!
Trog accepts your kill.
You open the door.
A frilled lizard comes into view.
The frilled lizard hisses angrily.
Found 13 gold pieces.
A frilled lizard is nearby!
A frilled lizard is nearby!
You hit the frilled lizard with your +0 dagger.
You kill the frilled lizard!
Trog accepts your kill.
There is an open door here.
Are you sure you want to abandon this character and quit the game? (Confirm with "yes".)

..... ##... ...$. ...
... #.# # #.# ..# #
#@# ..#### ##'##
..##.. ##...## #.##..
##.....## ###.##..
##.......## ##.#.##..
#.........####....##..
+.........+...........
#.........####....##.♣
##.......## ##.#.##♣.


There were no monsters in sight!

Vanquished Creatures
  2 ball pythons (D:1)
  An endoplasm (D:1)
  A goblin (D:1)
  A quokka (D:1)
  A frilled lizard (D:1)
  2 rats (D:1)
8 creatures vanquished.

Notes
Turn   | Place    | Note
-------+----------+-------------------------------------------
     0 | D:1      | jasper the Coglin Berserker began the quest for the Orb.
     0 | D:1      | Reached XP level 1. HP: 18/18 MP: 1/1
   277 | D:1      | Reached XP level 2. HP: 24/24 MP: 2/2
   290 | D:1      | Quit the game

Illustrated notes

Levels and vault maps discovered:
D:1:      orjb1_clovarrival, layout_loops_corners, kennysheep_small_spiral

Action                     || total
---------------------------++-------
  Melee: Hand axe          ||    12
         Dagger            ||    10
 Armour: Animal skin       ||     4
         Ring mail         ||     2
  Dodge: Dodged            ||    18

Table legend: (Time is in decaauts)
 A = Elapsed time spent in this place.
 B = Non-inter-level travel time spent in this place.
 C = Inter-level travel time spent in this place.
 D = Time resting spent in this place.
 E = Time spent auto-exploring this place.
 F = Levels seen in this place.
 G = Mean time per level.
                   A        B        C        D        E       F      G
               +--------+--------+--------+--------+--------+-----+--------+
         Total |    302 |    302 |      0 |      0 |    235 |   1 |  302.0 |
       Dungeon |    302 |    302 |      0 |      0 |    235 |   1 |  302.0 |
               +--------+--------+--------+--------+--------+-----+--------+

Top non-repeatable levels by time:
     D:1: 302 daAuts
